AoeStats
← JohnnyBoii6393

Nomad

508108971Analyzed
2v2 RM · 13d ago on Sep 20, 2026· 21m 29s· 4 players
Game mode
Random Map
Map size
176×176
Population
200
Speed
Normal
Resources
Standard
Victory
Conquest
Starting age
Dark Age
Ending age
Imperial Age
RankedLock teamsTeams togetherTeam positionsShared explorationLock speedFull tech treeHidden civsTurbo modeCheats
Victory
Defeat
🇺🇸 Mongols · United States
1349
+14
🇨🇦 Malay · Canada
1293
+17
🇵🇪 Bengalis · Peru
1350
-17
🇺🇸 Magyars · United States
1272
-14
JohnnyBoii6393
5:43 Loom
15:08 Feudal Age
16:06 Town Watch
19:16 Castle Age
17:26 Stone Mining
Bugzy
5:32 Loom
13:48 Feudal Age
18:23 Castle Age
Nobsniper
15:42 Feudal Age
13:58 Loom
21:58 Castle Age
[JRH]Aguila
6:04 Loom
13:18 Feudal Age
13:47 Double-Bit Axe
15:37 Fletching
21:22 Castle Age
20:03 Stone Mining
Connection lost

Rejoining the realm…

Still unreachable

The connection could not be restored.

Session expired

The server has moved on; the page needs a fresh start.